 Dungeon Crawl Stone Soup version 0.27-a0-1591-gc56fcc985a (webtiles) character file.

Game seed: 12352629230827286378

117 Anon1729 the Slasher (level 4, -1/40 HPs)
             Began as a Minotaur Monk on July 20, 2021.
             Slain by a gnoll (2 damage)
             ... on level 4 of the Dungeon.
             The game lasted 00:03:32 (2232 turns).

Anon1729 the Slasher (Minotaur Monk)                Turns: 2232, Time: 00:03:33

Health: -1/40      AC:  2    Str: 16    XL:     4   Next: 71%
Magic:  3/3        EV: 13    Int:  7    God:
Gold:   119        SH:  0    Dex: 13    Spells: 3/3 levels left

rFire    . . .     SeeInvis .   a - +0 falchion
rCold    . . .     Faith    .   (no shield)
rNeg     . . .     Spirit   .   b - +0 robe
rPois    .         Reflect  .   (helmet restricted)
rElec    .         Harm     .   (no cloak)
rCorr    .         Rampage  .   (no gloves)
Will     .....                  (no boots)
Stlth    ++........             (no amulet)
HPRegen  0.13/turn              (no ring)
MPRegen  0.08/turn              (no ring)

@: no status effects
A: horns 2, retaliatory headbutt
a: no special abilities


You were on level 4 of the Dungeon.
You visited 1 branch of the dungeon, and saw 4 of its levels.

You collected 119 gold pieces.

Inventory:

Hand Weapons
 a - a +0 falchion (weapon)
Armour
 b - a +0 robe (worn)
Scrolls
 c - a scroll of magic mapping {unknown}
 d - a scroll of teleportation {unknown}
 e - a scroll of amnesia {unknown}
 g - 2 scrolls of identify {unknown}
 i - a scroll of enchant armour {unknown}
 k - a scroll of immolation {unknown}
 l - a scroll of vulnerability {unknown}
 m - a scroll of fog {unknown}
Potions
 h - a potion of mutation {unknown}
 j - a potion of attraction {unknown}


   Skills:
 - Level 3.7 Fighting
 + Level 6.4 Long Blades
 - Level 3.4 Dodging
 - Level 1.7 Stealth


You had 3 spell levels left.
You didn't know any spells.
Your spell library contained the following spells:

 Spells                   Type           Power      Damage    Failure   Level
 Corona                   Hex            0%         N/A       43%         1
 Ensorcelled Hibernation  Hex/Ice        0%         N/A       56%         2
 Gell's Gravitas          Tloc           0%         N/A       80%         3
 Teleport Other           Tloc           0%         N/A       80%         3
 Tukima's Dance           Hex            0%         N/A       80%         3
 Dispersal                Tloc           0%         N/A       100%        6


Dungeon Overview and Level Annotations

Branches:
Dungeon (4/15)
 Temple: D:4-7

Altars:

Annotations:
D:2 Sigmund


Innate Abilities, Weirdness & Mutations

You have a pair of horns on your head.
You reflexively headbutt those who attack you in melee.


Message History

The goblin misses you. You furiously retaliate!
You headbutt the goblin.
You kill the goblin!
The gnoll hits you but does no damage.
You hit the gnoll. You headbutt the gnoll.
The gnoll is heavily wounded.
The gnoll hits you with a +0 club.
You hit the gnoll.
The gnoll is almost dead.
The gnoll barely misses you.
You hit the gnoll.
You kill the gnoll!
The dart slug launches a dart at you. The slug dart misses you.
The gnoll barely misses you.
The gnoll throws a throwing net.
The throwing net hits you.
You become entangled in the net!
The gnoll hits you from afar with a +0 spear.
You see here a throwing net.
You struggle against the net.
The gnoll hits you from afar with a +0 spear! x2
You struggle against the net.
The gnoll hits you from afar with a +0 spear.
* * * LOW HITPOINT WARNING * * *
The gnoll hits you from afar with a +0 spear!
* * * LOW HITPOINT WARNING * * *
It was a potion of heal wounds.
You feel much better.
The gnoll hits you from afar with a +0 spear.
The dart slug launches a dart at you. The slug dart hits you.
The gnoll barely misses you.
You struggle against the net.
The gnoll hits you from afar with a +0 spear.
* * * LOW HITPOINT WARNING * * *
The gnoll barely misses you.
You struggle against the net.
The gnoll hits you from afar with a +0 spear!
* * * LOW HITPOINT WARNING * * *
The gnoll hits you from afar with a +0 spear.
* * * LOW HITPOINT WARNING * * *
You rip the net and break free!
The gnoll hits you from afar with a +0 spear.
You die...

#########
........#
........#
........#
.......)#
........#######
......w.@.....#
........#####.#
......gg# #.#
.#####.## #.#
#. #.# #. #.#
#. #.##########
#. #..........#
#.########.#


You could see 2 gnolls and a dart slug.

Vanquished Creatures
  An orc priest (D:3)
  A gnoll (D:4)
  A worm (D:2)
  2 dart slugs (D:1)
  7 orcs (D:3)
  3 ball pythons (D:1)
  5 endoplasms
  2 giant cockroaches (D:1)
  4 goblins
  A hobgoblin (D:3)
  13 jackals
  5 kobolds
  2 quokkas
  3 bats
  3 frilled lizards
  7 rats
60 creatures vanquished.

Vanquished Creatures (others)
  4 withered plants (D:4)
4 creatures vanquished.

Grand Total: 64 creatures vanquished

Notes
Turn   | Place    | Note
-------+----------+-------------------------------------------
     0 | D:1      | Anon1729 the Minotaur Monk began the quest for the Orb.
     0 | D:1      | Reached XP level 1. HP: 19/19 MP: 0/0
   181 | D:1      | Reached skill level 4 in Long Blades
   181 | D:1      | Reached XP level 2. HP: 27/27 MP: 1/1
   638 | D:1      | Reached XP level 3. HP: 33/33 MP: 2/2
   881 | D:2      | Reached skill level 5 in Long Blades
  1115 | D:2      | Noticed Sigmund
  1351 | D:3      | Reached skill level 6 in Long Blades
  1351 | D:3      | Reached XP level 4. HP: 22/40 MP: 3/3
  2231 | D:4      | HP: 1/40 [gnoll (4)]
  2232 | D:4      | Slain by a gnoll

Illustrated notes

Levels and vault maps discovered:
D:1:      psy_arrival_radial02, layout_rooms, st_stairs_8
D:2:      layout_loops_ring, hellmonk_ecumenical_altar_watching_god,
          st_stairs_5, uniq_crazy_yiuf_cottage, uniq_sigmund
D:3:      layout_rooms, roderic_serpentine_path, minmay_distorted
D:4:      layout_basic, mainiacjoe_overflow_alcove_4,
          nicolae_qazlal_general_emergency, kiku_gazebo_garden_becter

Skill      XL: |  1  2  3 |
---------------+----------+-----
Long Blades    | 4 6 |  6.4
Fighting       | |  3.7
Dodging        | |  3.4
Stealth        | |  1.7

Action                   |  1- 3 |  4- 6 || total
-------------------------+-------+-------++-------
Melee: Falchion          |    74 |    24 ||    98
       Headbutt          |    11 |     8 ||    19
  Use: Potion            |     1 |     1 ||     2
 Stab: Sleeping          |     5 |     1 ||     6
Armor: Robe              |     5 |     2 ||     7
Dodge: Dodged            |    52 |    19 ||    71
       Rpst.: Falchion   |     9 |     4 ||    13

Table legend: (Time is in decaauts)
 A = Elapsed time spent in this place.
 B = Non-inter-level travel time spent in this place.
 C = Inter-level travel time spent in this place.
 D = Time resting spent in this place.
 E = Time spent auto-exploring this place.
 F = Levels seen in this place.
 G = Mean time per level.
                   A        B        C        D        E       F      G
               +--------+--------+--------+--------+--------+-----+--------+
         Total |   2235 |   2167 |     68 |    168 |   1612 |   4 |  558.8 |
       Dungeon |   2235 |   2167 |     68 |    168 |   1612 |   4 |  558.8 |
               +--------+--------+--------+--------+--------+-----+--------+

Top non-repeatable levels by time:
     D:3: 956 daAuts
     D:1: 872 daAuts
     D:2: 292 daAuts
     D:4: 114 daAuts
